[ AOE2 MATCH · #494659775 ]
UnrankedPoles vs Portuguese
Player's team · WIN
[ REPLAY ANALYSIS · EXTRACTED FROM THE RECORDED GAME ]
Feudal
8:51
Castle
22:02
Imperial
53:48
| APM avg | 50.5 |
| APM peak | 103 |
| eAPM avg | 23.5 |
| Villagers / military | 135 / 70 |
Focus
⚔️ 40.0% · 🌾 60.0%
Cavalry Archer ×37 · Scout Cavalry ×14 · Monk ×8 · Mangonel ×5 · Knight ×3 · Spearman ×3
Feudal
10:25
Castle
14:59
Imperial
—
| APM avg | 59.6 |
| APM peak | 109 |
| eAPM avg | 21.1 |
| Villagers / military | 50 / 57 |
Focus
⚔️ 58.1% · 🌾 41.9%
Organ Gun ×39 · Monk ×17 · Battering Ram ×1
Match map
Initial resources + every placement click. Lines = walls · curves = elevation contours. ◆ gold · ⬟ stone · ● berries · ✦ relic · ◌ wall gap
Your base· ✓ Closed at 22:02 · 71t walls · 1 gate(s)
RedPhosphoru's base· Open — opponent sealed themselves in
Smoothed initial terrain · ◌ = detected wall gap · hover for details
Inputs per minute
— Biry - - RedPhosphoru
Build order — Biry
First 150 of 397 actions detected
| 0:00 | Create | Villager (Male) |
| 0:01 | Create | Villager (Male) |
| 0:01 | Create | Villager (Male) |
| 0:01 | Create | Villager (Male) |
| 0:01 | Create | Villager (Male) |
| 0:02 | Build | House |
| 0:03 | Build | House |
| 1:26 | Create | Villager (Male) |
| 1:43 | Build | Lumber Camp |
| 1:57 | Create | Villager (Male) |
| 1:58 | Create | Villager (Male) |
| 2:11 | Create | Villager (Male) |
| 2:11 | Create | Villager (Male) |
| 2:48 | Create | Villager (Male) |
| 2:49 | Create | Villager (Male) |
| 3:09 | Create | Villager (Male) |
| 3:09 | Create | Villager (Male) |
| 3:32 | Build | Mill |
| 3:57 | Create | Villager (Male) |
| 3:57 | Create | Villager (Male) |
| 4:25 | Create | Villager (Male) |
| 4:50 | Create | Villager (Male) |
| 4:50 | Create | Villager (Male) |
| 5:29 | Create | Villager (Male) |
| 6:11 | Create | Villager (Male) |
| 6:39 | Research | Feudal Age |
| 6:40 | Research | Feudal Age |
| 6:40 | Research | Feudal Age |
| 6:57 | Build | House |
| 8:09 | Build | Barracks |
| 8:51 | Age | Feudal Age |
| 8:56 | Build | Watch Tower |
| 8:56 | Create | Villager (Male) |
| 8:57 | Research | Double-Bit Axe |
| 9:01 | Build | Stable |
| 9:12 | Build | Farm |
| 9:15 | Create | Villager (Male) |
| 9:28 | Research | Loom |
| 9:36 | Build | House |
| 9:43 | Build | Farm |
| 9:45 | Create | Scout Cavalry |
| 9:49 | Build | Palisade Wall |
| 9:49 | Build | Palisade Wall |
| 9:50 | Build | Palisade Wall |
| 9:50 | Build | Palisade Wall |
| 10:05 | Create | Scout Cavalry |
| 10:19 | Create | Villager (Male) |
| 10:29 | Build | Farm |
| 10:40 | Build | Farm |
| 10:52 | Create | Villager (Male) |
| 10:55 | Build | Farm |
| 10:57 | Build | House |
| 11:08 | Build | Farm |
| 11:13 | Create | Scout Cavalry |
| 11:22 | Build | Watch Tower |
| 11:24 | Create | Villager (Male) |
| 11:41 | Create | Villager (Male) |
| 11:55 | Build | Mining Camp |
| 12:08 | Create | Villager (Male) |
| 12:21 | Build | House |
| 12:32 | Create | Villager (Male) |
| 12:47 | Build | Palisade Wall |
| 12:47 | Build | Palisade Wall |
| 12:48 | Build | Palisade Wall |
| 12:49 | Research | Man-at-Arms (upgrade) |
| 12:51 | Build | Palisade Wall |
| 12:51 | Build | Palisade Wall |
| 12:56 | Build | House |
| 12:58 | Create | Scout Cavalry |
| 13:08 | Create | Villager (Male) |
| 13:17 | Build | Blacksmith |
| 13:32 | Create | Villager (Male) |
| 13:36 | Build | Stone Wall |
| 13:42 | Create | Scout Cavalry |
| 13:50 | Create | Villager (Male) |
| 14:11 | Create | Villager (Male) |
| 14:18 | Build | House |
| 14:36 | Create | Villager (Male) |
| 14:43 | Build | Stone Wall |
| 14:55 | Build | Stone Wall |
| 14:58 | Build | Stone Wall |
| 15:02 | Create | Villager (Male) |
| 15:09 | Build | Mill |
| 15:20 | Research | Horse Collar |
| 15:28 | Build | Outpost |
| 15:31 | Build | Outpost |
| 15:38 | Create | Villager (Male) |
| 16:05 | Create | Villager (Male) |
| 16:06 | Create | Scout Cavalry |
| 16:32 | Create | Villager (Male) |
| 16:49 | Create | Villager (Male) |
| 16:54 | Build | Farm |
| 16:55 | Build | Farm |
| 16:55 | Build | Farm |
| 16:56 | Build | Farm |
| 17:15 | Create | Villager (Male) |
| 17:16 | Build | Farm |
| 17:22 | Build | Market |
| 17:38 | Create | Villager (Male) |
| 17:44 | Build | Watch Tower |
| 17:54 | Build | Gate |
| 18:00 | Create | Villager (Male) |
| 18:03 | Build | Mining Camp |
| 18:29 | Build | House |
| 18:42 | Build | Stone Wall |
| 18:43 | Build | Stone Wall |
| 18:43 | Build | Stone Wall |
| 19:00 | Build | Watch Tower |
| 19:22 | Research | Castle Age |
| 19:22 | Research | Castle Age |
| 19:36 | Build | Farm |
| 19:47 | Build | Farm |
| 19:59 | Research | Fletching |
| 19:59 | Research | Fletching |
| 20:10 | Create | Scout Cavalry |
| 20:24 | Build | Watch Tower |
| 20:31 | Create | Scout Cavalry |
| 20:36 | Build | Farm |
| 20:37 | Build | Farm |
| 21:06 | Build | Watch Tower |
| 21:17 | Create | Villager (Male) |
| 21:21 | Build | Palisade Wall |
| 21:23 | Build | Palisade Wall |
| 22:02 | Age | Castle Age |
| 22:06 | Build | Siege Workshop |
| 22:12 | Create | Knight |
| 22:12 | Create | Knight |
| 22:13 | Create | Villager (Male) |
| 22:21 | Create | Villager (Male) |
| 22:29 | Build | Stone Wall |
| 22:41 | Build | Siege Workshop |
| 22:43 | Build | Farm |
| 22:43 | Build | Farm |
| 23:18 | Create | Mangonel |
| 23:44 | Build | Mining Camp |
| 24:16 | Create | Villager (Male) |
| 24:32 | Create | Villager (Male) |
| 24:57 | Create | Villager (Male) |
| 25:24 | Build | Lumber Camp |
| 25:42 | Create | Knight |
| 25:45 | Create | Mangonel |
| 25:49 | Create | Villager (Male) |
| 25:50 | Create | Villager (Male) |
| 25:53 | Build | Farm |
| 26:01 | Build | Stone Wall |
| 26:02 | Build | Stone Wall |
| 26:17 | Build | House |
| 26:18 | Build | House |
| 26:24 | Build | House |
| 26:27 | Create | Villager (Male) |
Build order — RedPhosphoru
First 150 of 201 actions detected
| 0:00 | Create | Villager (Male) |
| 0:00 | Create | Villager (Male) |
| 0:02 | Build | House |
| 0:03 | Build | House |
| 0:08 | Create | Villager (Male) |
| 0:10 | Create | Villager (Male) |
| 1:11 | Create | Villager (Male) |
| 1:40 | Create | Villager (Male) |
| 2:15 | Create | Villager (Male) |
| 2:37 | Build | Lumber Camp |
| 2:41 | Create | Villager (Male) |
| 2:58 | Create | Villager (Male) |
| 3:07 | Create | Villager (Male) |
| 3:26 | Build | House |
| 3:27 | Build | House |
| 3:30 | Create | Villager (Male) |
| 3:39 | Create | Villager (Male) |
| 3:54 | Create | Villager (Male) |
| 4:24 | Build | Palisade Wall |
| 4:53 | Create | Villager (Male) |
| 5:15 | Create | Villager (Male) |
| 5:21 | Build | Mill |
| 5:38 | Create | Villager (Male) |
| 5:45 | Build | Palisade Wall |
| 5:49 | Create | Villager (Male) |
| 6:03 | Create | Villager (Male) |
| 6:10 | Create | Villager (Male) |
| 6:12 | Build | Palisade Wall |
| 6:23 | Build | Palisade Wall |
| 6:24 | Build | Palisade Wall |
| 6:25 | Build | Palisade Wall |
| 6:25 | Build | Palisade Wall |
| 6:25 | Build | Palisade Wall |
| 6:26 | Build | Palisade Wall |
| 6:27 | Create | Villager (Male) |
| 6:29 | Build | Palisade Wall |
| 6:30 | Build | Palisade Wall |
| 6:30 | Build | Palisade Wall |
| 6:31 | Build | Palisade Wall |
| 6:51 | Build | Palisade Wall |
| 7:22 | Create | Villager (Male) |
| 7:36 | Research | Loom |
| 7:42 | Build | Mining Camp |
| 7:47 | Build | Palisade Wall |
| 8:13 | Research | Feudal Age |
| 8:56 | Build | Palisade Wall |
| 8:57 | Build | Palisade Wall |
| 8:58 | Build | Palisade Wall |
| 9:00 | Build | Palisade Wall |
| 9:02 | Build | Palisade Wall |
| 9:04 | Build | Palisade Wall |
| 9:24 | Build | Palisade Wall |
| 9:25 | Build | Palisade Wall |
| 9:25 | Build | Palisade Wall |
| 9:32 | Create | Villager (Male) |
| 10:24 | Build | Palisade Wall |
| 10:25 | Age | Feudal Age |
| 10:44 | Build | Palisade Wall |
| 10:44 | Build | Palisade Wall |
| 10:50 | Create | Villager (Male) |
| 11:06 | Create | Villager (Male) |
| 11:11 | Build | Market |
| 11:13 | Build | Blacksmith |
| 12:19 | Research | Castle Age |
| 12:19 | Research | Castle Age |
| 12:52 | Create | Villager (Male) |
| 13:16 | Build | Mining Camp |
| 13:30 | Build | House |
| 13:49 | Build | Gate |
| 13:51 | Build | House |
| 13:53 | Create | Villager (Male) |
| 14:59 | Age | Castle Age |
| 15:50 | Build | Castle |
| 15:54 | Create | Villager (Male) |
| 16:00 | Create | Villager (Male) |
| 16:20 | Create | Villager (Male) |
| 16:43 | Build | Lumber Camp |
| 17:16 | Build | Palisade Wall |
| 17:23 | Create | Organ Gun |
| 17:47 | Create | Organ Gun |
| 18:05 | Create | Organ Gun |
| 18:43 | Create | Organ Gun |
| 19:11 | Create | Organ Gun |
| 19:55 | Build | Palisade Gate |
| 21:08 | Build | Mining Camp |
| 22:33 | Build | Castle |
| 23:01 | Create | Organ Gun |
| 23:02 | Create | Organ Gun |
| 24:04 | Build | Lumber Camp |
| 24:07 | Create | Organ Gun |
| 24:25 | Build | Monastery |
| 25:31 | Build | Mining Camp |
| 25:32 | Create | Monk |
| 25:42 | Create | Organ Gun |
| 26:21 | Create | Monk |
| 26:38 | Create | Monk |
| 26:38 | Create | Organ Gun |
| 26:52 | Create | Monk |
| 26:57 | Create | Monk |
| 27:04 | Build | Outpost |
| 27:12 | Create | Villager (Male) |
| 27:18 | Research | Town Watch |
| 27:27 | Create | Villager (Male) |
| 27:57 | Create | Organ Gun |
| 28:00 | Create | Monk |
| 28:27 | Create | Monk |
| 28:32 | Create | Organ Gun |
| 28:48 | Create | Organ Gun |
| 29:01 | Research | Sanctity |
| 29:01 | Research | Sanctity |
| 29:36 | Build | Lumber Camp |
| 30:41 | Research | Redemption |
| 30:41 | Research | Redemption |
| 30:51 | Create | Monk |
| 31:20 | Create | Organ Gun |
| 31:35 | Research | Fervor |
| 31:38 | Create | Monk |
| 31:57 | Create | Monk |
| 32:37 | Create | Monk |
| 32:39 | Create | Organ Gun |
| 32:42 | Build | Monastery |
| 32:51 | Create | Organ Gun |
| 33:15 | Create | Organ Gun |
| 33:29 | Create | Monk |
| 33:43 | Create | Organ Gun |
| 33:58 | Build | Monastery |
| 34:01 | Create | Organ Gun |
| 34:24 | Build | Mining Camp |
| 34:47 | Create | Monk |
| 36:11 | Research | Devotion |
| 36:39 | Create | Organ Gun |
| 36:39 | Create | Organ Gun |
| 37:00 | Build | Farm |
| 37:00 | Build | Farm |
| 37:01 | Build | Farm |
| 37:01 | Build | Farm |
| 37:04 | Build | Farm |
| 37:06 | Create | Organ Gun |
| 38:04 | Build | Farm |
| 38:13 | Create | Battering Ram |
| 38:29 | Create | Organ Gun |
| 38:46 | Create | Villager (Male) |
| 39:11 | Create | Organ Gun |
| 39:11 | Create | Organ Gun |
| 39:16 | Create | Villager (Male) |
| 39:48 | Create | Villager (Male) |
| 40:00 | Create | Organ Gun |
| 40:12 | Create | Organ Gun |
| 40:22 | Create | Villager (Male) |
| 40:39 | Build | Outpost |
Match timeline
| 4:24 | RedPhosphoru · wall_segment Palisade Wall x3 |
| 5:45 | RedPhosphoru · wall_segment Palisade Wall x6 |
| 6:12 | RedPhosphoru · wall_segment Palisade Wall x1 |
| 6:23 | RedPhosphoru · wall_segment Palisade Wall x1 |
| 6:24 | RedPhosphoru · wall_segment Palisade Wall x1 |
| 6:25 | RedPhosphoru · wall_segment Palisade Wall x1 |
| 6:25 | RedPhosphoru · wall_segment Palisade Wall x1 |
| 6:25 | RedPhosphoru · wall_segment Palisade Wall x1 |
| 6:26 | RedPhosphoru · wall_segment Palisade Wall x1 |
| 6:29 | RedPhosphoru · wall_segment Palisade Wall x1 |
| 6:30 | RedPhosphoru · wall_segment Palisade Wall x1 |
| 6:30 | RedPhosphoru · wall_segment Palisade Wall x1 |
| 6:31 | RedPhosphoru · wall_segment Palisade Wall x1 |
| 6:51 | RedPhosphoru · wall_segment Palisade Wall x4 |
| 7:47 | RedPhosphoru · wall_segment Palisade Wall x1 |
| 8:09 | Biry · first_building Barracks |
| 8:51 | Biry · age_up feudal |
| 8:56 | RedPhosphoru · wall_segment Palisade Wall x1 |
| 8:57 | RedPhosphoru · wall_segment Palisade Wall x1 |
| 8:58 | RedPhosphoru · wall_segment Palisade Wall x1 |
| 9:00 | RedPhosphoru · wall_segment Palisade Wall x1 |
| 9:01 | Biry · first_building Stable |
| 9:02 | RedPhosphoru · wall_segment Palisade Wall x1 |
| 9:04 | RedPhosphoru · wall_segment Palisade Wall x1 |
| 9:24 | RedPhosphoru · wall_segment Palisade Wall x1 |
| 9:25 | RedPhosphoru · wall_segment Palisade Wall x1 |
| 9:25 | RedPhosphoru · wall_segment Palisade Wall x1 |
| 9:49 | Biry · wall_segment Palisade Wall x1 |
| 9:49 | Biry · wall_segment Palisade Wall x1 |
| 9:50 | Biry · wall_segment Palisade Wall x1 |
| 9:50 | Biry · wall_segment Palisade Wall x2 |
| 10:24 | RedPhosphoru · wall_segment Palisade Wall x1 |
| 10:25 | RedPhosphoru · age_up feudal |
| 10:44 | RedPhosphoru · wall_segment Palisade Wall x1 |
| 10:44 | RedPhosphoru · wall_segment Palisade Wall x1 |
| 12:11 | RedPhosphoru · first_market_sell 100 wood |
| 12:47 | Biry · wall_segment Palisade Wall x1 |
| 12:47 | Biry · wall_segment Palisade Wall x1 |
| 12:48 | Biry · wall_segment Palisade Wall x1 |
| 12:51 | Biry · wall_segment Palisade Wall x1 |
| 12:51 | Biry · wall_segment Palisade Wall x1 |
| 13:36 | Biry · wall_segment Stone Wall x10 |
| 14:41 | RedPhosphoru · first_market_buy 100 stone |
| 14:43 | Biry · wall_segment Stone Wall x18 |
| 14:55 | Biry · wall_segment Stone Wall x10 |
| 14:58 | Biry · wall_segment Stone Wall x8 |
| 14:59 | RedPhosphoru · age_up castle |
| 15:50 | RedPhosphoru · first_building Castle |
| 17:16 | RedPhosphoru · wall_segment Palisade Wall x5 |
| 18:42 | Biry · wall_segment Stone Wall x1 |
| 18:43 | Biry · wall_segment Stone Wall x1 |
| 18:43 | Biry · wall_segment Stone Wall x1 |
| 18:46 | Biry · first_market_buy 100 food |
| 19:16 | Biry · first_market_sell 100 wood |
| 21:21 | Biry · wall_segment Palisade Wall x8 |
| 21:23 | Biry · wall_segment Palisade Wall x4 |
| 22:02 | Biry · age_up castle |
| 22:06 | Biry · first_building Siege Workshop |
| 22:29 | Biry · wall_segment Stone Wall x1 |
| 24:25 | RedPhosphoru · first_building Monastery |
| 26:01 | Biry · wall_segment Stone Wall x1 |
| 26:02 | Biry · wall_segment Stone Wall x1 |
| 27:57 | Biry · first_building Monastery |
| 28:32 | Biry · wall_segment Palisade Wall x1 |
| 28:33 | Biry · wall_segment Palisade Wall x1 |
| 28:36 | Biry · wall_segment Palisade Wall x1 |
| 29:00 | Biry · wall_segment Palisade Wall x1 |
| 34:23 | Biry · wall_segment Stone Wall x2 |
| 35:44 | Biry · first_building Archery Range |
| 50:03 | Biry · wall_segment Stone Wall x4 |
| 53:30 | Biry · first_building Castle |
| 53:48 | Biry · age_up imperial |
| 53:55 | RedPhosphoru · resign |
[ AI ANALYSIS · 1 CREDIT ]
What really happened in this match?
Wolo.gg analyzes every decision: build order, eco, micro, common mistakes by bracket. Personalized analysis on WhatsApp or Discord in 30 seconds.
Civ guide
Poles
Perfil
Biry (Biry)